 Dungeon Sprint DCSS version 0.27-a0-577-ge2a43ba0c9 (webtiles) character file.

Game seed: 330876858025695366

5 rocky1 the Digger (level 1, -3/11 HPs)
             Began as an Octopode Earth Elementalist on Mar 10, 2021.
             Was a Follower of Sif Muna.
             Slain by a gnoll
             ... wielding a +0 halberd
              (14 damage)
             ... in the Dungeon (Sprint VII: "The Pits").
             The game lasted 00:01:50 (292 turns).

rocky1 the Digger (Octopode Earth Elementalist)      Turns: 292, Time: 00:01:51

Health: -3/11      AC:  1    Str:  7    XL:     1   Next: 80%
Magic:  1/3        EV: 13    Int: 17    God:    Sif Muna [*.....]
Gold:   0          SH:  0    Dex: 12    Spells: 3/4 levels left

rFire    . . .     SeeInvis .   (no weapon)
rCold    . . .     Faith    .   (no shield)
rNeg     . . .     Spirit   .   (helmet restricted)
rPois    .         Reflect  .   (no amulet)
rElec    .         Harm     .   (no ring)
rCorr    .         Rampage  .   (no ring)
Will     .....     NoTele   +   (no ring)
Stlth    +++.......             (no ring)
HPRegen  0.03/turn              (no ring)
MPRegen  0.08/turn              (no ring)
                                (no ring)
                                (no ring)

@: very slightly contaminated
A: almost no armour, amphibious, 8 rings, constrict 8, camouflage 1, gelatinous
body 1, nimble swimmer 1
a: Renounce Religion, Channel Magic


You were in the Dungeon.
You worshipped Sif Muna.
Sif Muna was aware of your devotion.
You visited 1 branch

Inventory:

Missiles
 b - 34 stones
Scrolls
 h - a scroll of blinking
 i - 5 scrolls of amnesia
 j - a scroll of summoning
Potions
 a - 2 potions of invisibility
 c - a potion of curing
 d - a potion of heal wounds
 e - a potion of haste
 f - 4 potions of magic
 g - 3 potions of berserk rage


   Skills:
 - Level 2.0 Dodging
 - Level 2.6 Stealth
 - Level 2.0 Spellcasting
 - Level 1.0 Transmutations
 + Level 4.6 Earth Magic


You had 3 spell levels left.
You knew the following spells:

 Your Spells              Type           Power      Damage    Failure   Level
a - Sandblast             Erth           34%        2d9       3%          1

Your spell library contained the following spells:

 Spells                   Type           Power      Damage    Failure   Level
 Passwall                 Tmut/Erth      9%         N/A       10%         2
 Stone Arrow              Conj/Erth      18%        3d8       22%         3
 Petrify                  Tmut/Erth      11%        N/A       52%         4
 Lee's Rapid Deconstruct  Erth           8%         3d8*      63%         5


Dungeon Overview and Level Annotations

Branches:
Dungeon (1/1)

Altars:
Ashenzari
Cheibriados
Dithmenos
Elyvilon
Fedhas
Gozag
Hepliaklqana
Kikubaaqudgha
Makhleb
Nemelex Xobeh
Okawaru
Qazlal
Ru
Sif Muna
Trog
Uskayaw
Vehumet
Wu Jian
Xom
Yredelemnul
Zin
The Shining One
Beogh
Jiyva
Lugonu


Innate Abilities, Weirdness & Mutations

You cannot wear most types of armour.
You are amphibious.
You can wear up to eight rings at the same time.
You can use your tentacles to constrict eight enemies at once.
Your skin changes colour to match your surroundings (Stealth+).
Your rubbery body absorbs attacks. (AC +1, EV +1)
You are stealthy while swimming. (Stealth+)


Message History

Confirm with . or Enter, or press ? or * to list all spells.
Aiming: Sandblast (safe; 3% risk of failure)
Press: ? - help, Shift-Dir - straight line, f/p - kobold
Aim: a kobold, wielding a +0 dagger and quivering stones (severely wounded, 26% to evade)
The blast of sand hits the kobold.
You kill the kobold!
Sif Muna accepts your kill.
There is an open door here.
You start resting.
A gnoll is nearby!
There is an open door here.
Which direction?
You close the door.
There is an open door here.
You close the door.
You start resting.
Magic restored.
Unknown command.
You open the door.
There is an open door here.
You open the door.
There is an open door here.
There is an open door here.
Casting: Sandblast (safe; 3% risk of failure)
Confirm with . or Enter, or press ? or * to list all spells.
Aiming: Sandblast (safe; 3% risk of failure)
Press: ? - help, Shift-Dir - straight line, f - gnoll
Aim: a gnoll, wielding a +0 halberd (wandering, hasn't noticed you, 18% to evade)
You miscast Sandblast.
You are very lightly contaminated with residual magic.
Nothing appears to happen.
Casting: Sandblast (safe; 3% risk of failure)
Confirm with . or Enter, or press ? or * to list all spells.
Aiming: Sandblast (safe; 3% risk of failure)
Press: ? - help, Shift-Dir - straight line, f/p - gnoll
Aim: a gnoll, wielding a +0 halberd (18% to evade)
The blast of sand hits the gnoll but does no damage.
The gnoll hits you from afar with a +0 halberd!
Ouch! That really hurt!
You die...

#.?..')))'.##......#..#.
##########.##...........
#.........).'...........
#+#####'#####......#..#.
#..#...'.##...........
#..#)..#.#####'#####++
#..#####.##.......#
#..'..†#.##.......#
#..'g†@'.##.......#
#..########...<...# #..
#.......#


#lK #.......# ### #.......# ######### You could see a gnoll.

Vanquished Creatures
  2 goblins (D)
  A frilled lizard (D)
  2 kobolds (D)
  A rat (D)
6 creatures vanquished.

Notes
Turn   | Place    | Note
-------+----------+-------------------------------------------
     0 | D        | rocky1 the Octopode Earth Elementalist began the quest for
                  | the Orb.
     0 | D        | Reached XP level 1. HP: 11/11 MP: 3/3
   125 | D        | Found a bloodstained altar of Trog.
   125 | D        | Found a shimmering blue altar of Sif Muna.
   125 | D        | Found a viscous altar of Jiyva.
   125 | D        | Found a hazy altar of Hepliaklqana.
   125 | D        | Found an opulent altar of Gozag.
   126 | D        | Found a glowing golden altar of the Shining One.
   126 | D        | Found a glowing silver altar of Zin.
   126 | D        | Found a basalt altar of Yredelemnul.
   126 | D        | Found a shimmering altar of Xom.
   126 | D        | Found an ornate altar of the Wu Jian Council.
   126 | D        | Found a sacrificial altar of Ru.
   126 | D        | Found a stormy altar of Qazlal.
   126 | D        | Found an iron altar of Okawaru.
   126 | D        | Found a sparkling altar of Nemelex Xobeh.
   126 | D        | Found a burning altar of Makhleb.
   126 | D        | Found a blossoming altar of Fedhas.
   126 | D        | Found a white marble altar of Elyvilon.
   126 | D        | Found a shadowy altar of Dithmenos.
   126 | D        | Found a snail-covered altar of Cheibriados.
   129 | D        | Found a corrupted altar of Lugonu.
   129 | D        | Found a radiant altar of Vehumet.
   130 | D        | Found an ancient bone altar of Kikubaaqudgha.
   130 | D        | Found a hide-covered altar of Uskayaw.
   130 | D        | Found a broken altar of Ashenzari.
   131 | D        | Became a worshipper of Sif Muna the Loreminder
   144 | D        | Reached skill level 4 in Earth Magic
   179 | D        | Reached * piety under Sif Muna
   236 | D        | Noticed a kobold brigand
   292 | D        | Slain by a gnoll

Illustrated notes

Levels and vault maps discovered:
D:        pitsprint [storerooms_1, entrance_room_1, metal_vault_4, armoury_3,
          mini_pit_1, grid_room_1, main_hall_1, silver_pit, the_coven_3,
          the_vestibule_1, steel_vault_5, golden_pit, hallway_of_sentries,
          crystal_vault_4, iron_vault_2, final_vault]

Skill      XL: |  1 |
---------------+----+-----
Earth Magic    | 4 |  4.6
Dodging        | |  2.0
Stealth        | |  2.6
Spellcasting   | |  2.0
Transmutations | |  1.0

Action                   || total
-------------------------++-------
Melee: Unarmed           ||     8
       Constrict         ||     2
       Tentacles         ||     1
 Cast: Sandblast         ||     6
 Stab: Sleeping          ||     2
Dodge: Dodged            ||     3

Table legend: (Time is in decaauts)
 A = Elapsed time spent in this place.
 B = Non-inter-level travel time spent in this place.
 C = Inter-level travel time spent in this place.
 D = Time resting spent in this place.
 E = Time spent auto-exploring this place.
 F = Levels seen in this place.
 G = Mean time per level.
                   A        B        C        D        E       F      G
               +--------+--------+--------+--------+--------+-----+--------+
         Total |    292 |    292 |      0 |    174 |      0 |   1 |  292.0 |
       Dungeon |    292 |    292 |      0 |    174 |      0 |   1 |  292.0 |
               +--------+--------+--------+--------+--------+-----+--------+

Top non-repeatable levels by time:
       D: 292 daAuts
